 Dungeon Crawl Stone Soup version 0.28-a0-697-g47f3eba078 (webtiles) character file.

Game seed: 9437893601799346787

111 Grim the Shooter (level 4, -13/37 HPs)
             Began as a Minotaur Hunter on Oct 23, 2021.
             Killed from afar by Ijyb (39 damage)
             ... with a bolt of acid
             ... on level 4 of the Dungeon.
             The game lasted 00:03:36 (2599 turns).

Grim the Shooter (Minotaur Hunter)                  Turns: 2599, Time: 00:03:37

Health: -13/37     AC:  3    Str: 16    XL:     4   Next: 62%
Magic:  3/3        EV: 12    Int:  8    God:
Gold:   39         SH:  0    Dex: 12    Spells: 3/3 levels left

rFire   . . .      SeeInvis .   b - +0 short sword
rCold   . . .      Faith    .   (no shield)
rNeg    . . .      Spirit   .   c - +0 leather armour
rPois   .          Reflect  .   (helmet restricted)
rElec   .          Harm     .   (no cloak)
rCorr   .          Rampage  .   (no gloves)
Will    .....                   (no boots)
Stlth   +.........              (no amulet)
HPRegen 0.12/turn               (no ring)
MPRegen 0.08/turn               (no ring)

@: no status effects
A: horns 2, retaliatory headbutt
a: no special abilities


You were on level 4 of the Dungeon.
You visited 1 branch of the dungeon, and saw 4 of its levels.

You collected 39 gold pieces.

Inventory:

Hand Weapons
 a - a +1 shortbow
 b - a +0 short sword (weapon)
Missiles
 d - 52 arrows
Armour
 c - a +0 leather armour (worn)
Jewellery
 j - a +6 ring of strength
Scrolls
 e - a scroll of teleportation {unknown}
 f - 2 scrolls of fear {unknown}
 g - a scroll of brand weapon {unknown}
 m - a scroll of vulnerability {unknown}
 o - a scroll of amnesia {unknown}
Potions
 h - a potion of invisibility {unknown}
 i - a potion of mutation {unknown}
 k - a potion of attraction {unknown}
 l - 2 potions of flight {unknown}
 n - a potion of haste {unknown}
 p - a potion of heal wounds {unknown}


   Skills:
 - Level 2.4 Fighting
 + Level 6.7 Bows
 - Level 2.1 Dodging
 - Level 0.7 Stealth


You had 3 spell levels left.
You didn't know any spells.
Your spell library was empty.

Dungeon Overview and Level Annotations

Branches:
Dungeon (4/15)
 Temple: D:4-7

Altars:
Hepliaklqana

Annotations:
D:4 Ijyb


Innate Abilities, Weirdness & Mutations

You have a pair of horns on your head.
You reflexively headbutt those who attack you in melee.


Message History

d - 55 arrows (gained 1)
Found a hazy altar of Hepliaklqana.
d - 56 arrows (gained 1)
d - 57 arrows (gained 1)
d - 59 arrows (gained 2) Done exploring.
There is a hazy altar of Hepliaklqana here.
You start waiting.
Done waiting.
Done exploring.
(D) Dungeon
Where to? (Enter - D:3, ? - help)
Things that are here:
a +0 short sword; 5 poisoned darts
There is a stone staircase leading down here.
You climb downwards.
Found an escape hatch in the floor.
There is a stone staircase leading up here.
Ijyb the Twisted Goblin comes into view.
She is wielding a +0 club, wearing a +0 leather armour of cold resistance and carrying a wand of acid (7).
Found a stone staircase leading up.
Ijyb is nearby!
You shoot an arrow. The arrow hits Ijyb.
Ijyb shouts!
Ijyb is lightly wounded.
You shoot an arrow. The arrow hits Ijyb but does no damage.
Ijyb is lightly wounded.
You shoot an arrow. The arrow hits Ijyb.
Ijyb is moderately wounded.
You shoot an arrow. The arrow closely misses Ijyb.
You shoot an arrow. The arrow hits Ijyb.
Ijyb is moderately wounded.
Ijyb hits you with a +0 club.
You shoot an arrow. The arrow barely misses Ijyb.
You shoot an arrow. The arrow hits Ijyb.
Ijyb is heavily wounded.
Ijyb hits you with a +0 club.
b - a +0 short sword (weapon)
Ijyb zaps a wand.
The bolt of acid hits you!!!
Ouch! That really hurt!
You die...

#.# ####.# #
#....###.####
#.>..........
#....<.......
#..#.#####.##
#. #.#####.###
#..#.........<
#.....@###.##
#..###g# #..
.(# #. ...# #.
...(. # ###..#
#..# #.(#


You could see Ijyb.

Vanquished Creatures
  5 adders
  A dart slug (D:2)
  5 orcs (D:3)
  2 ball pythons (D:2)
  6 bats
  4 endoplasms
  A giant cockroach (D:3)
  7 hobgoblins
  A jackal (D:2)
  4 quokkas
  3 frilled lizards
  6 goblins
  7 kobolds
  3 rats
55 creatures vanquished.

Vanquished Creatures (others)
  5 plants (D:1)
5 creatures vanquished.

Grand Total: 60 creatures vanquished

Notes
Turn   | Place    | Note
-------+----------+-------------------------------------------
     0 | D:1      | Grim the Minotaur Hunter began the quest for the Orb.
     0 | D:1      | Reached XP level 1. HP: 18/18 MP: 0/0
   142 | D:1      | Reached XP level 2. HP: 25/25 MP: 1/1
   211 | D:1      | Reached skill level 5 in Bows
  1029 | D:2      | Reached XP level 3. HP: 29/30 MP: 2/2
  1465 | D:2      | Reached skill level 6 in Bows
  1799 | D:3      | Reached XP level 4. HP: 37/37 MP: 3/3
  2432 | D:3      | Found a hazy altar of Hepliaklqana.
  2591 | D:4      | Noticed Ijyb
  2599 | D:4      | Killed from afar by Ijyb

Illustrated notes

Levels and vault maps discovered:
D:1:      wander_arrival_lonely_grave, layout_loops_cross,
          serial_bayou_lagoon_a, minmay_misc_feat_cross,
          minmay_misc_feat_secret_circle, kennysheep_minor_cross
D:2:      layout_rooms, st_stairs_6
D:3:      layout_loops_cross, nicolae_hepliaklqana_hippocampus
D:4:      layout_loops_ring, mainiacjoe_overflow_catwalk, elyvilon_altar_4,
          nicolae_gozag_conspicuous_consumption, uniq_sigmund, uniq_ijyb

Skill      XL: |  1  2  3 |
---------------+----------+-----
Bows           | 5 6 |  6.7
Fighting       | |  2.4
Dodging        | |  2.1
Stealth        | |  0.7

Action                   |  1- 3 |  4- 6 || total
-------------------------+-------+-------++-------
Melee: Short sword       |     8 |    15 ||    23
       Headbutt          |     1 |     4 ||     5
 Fire: Shortbow          |   123 |    39 ||   162
Armor: Leather armour    |    15 |     4 ||    19
Dodge: Dodged            |    23 |    10 ||    33

Table legend: (Time is in decaauts)
 A = Elapsed time spent in this place.
 B = Non-inter-level travel time spent in this place.
 C = Inter-level travel time spent in this place.
 D = Time resting spent in this place.
 E = Time spent auto-exploring this place.
 F = Levels seen in this place.
 G = Mean time per level.
                   A        B        C        D        E       F      G
               +--------+--------+--------+--------+--------+-----+--------+
         Total |   2611 |   2522 |     89 |    410 |   1718 |   4 |  652.8 |
       Dungeon |   2611 |   2522 |     89 |    410 |   1718 |   4 |  652.8 |
               +--------+--------+--------+--------+--------+-----+--------+

Top non-repeatable levels by time:
     D:1: 1015 daAuts
     D:3: 1014 daAuts
     D:2: 567 daAuts
     D:4: 13 daAuts
